 Dungeon Sprint DCSS version 0.17-a0-1582-ge6b0260 (webtiles) character file.

6190 Jb9000 the Blocker (level 10, 0/74 HPs)
             Began as a Gargoyle Fighter on July 27, 2015.
             Slain by a tentacle (18 damage)
             ... attached to a kraken
             ... in the Dungeon (Sprint II: "The Violet Keep of Menkaure").
             The game lasted 00:17:59 (1567 turns).

Jb9000 the Blocker (Gargoyle Fighter)               Turns: 1567, Time: 00:17:59

Health: 0/74       AC: 18    Str: 21    XL:     10   Next: 91%
Magic:  10/10      EV: 13    Int:  8    God:
Gold:   119        SH: 14    Dex: 11    Spells: 1 memorised, 8 levels left

rFire  + . .     SeeInvis .     d - +1 falchion of Heibrai {flame, rElec rF+ Str+2 Int-3}
rCold  . . .     Clarity  .     b - +0 scale mail
rNeg   + . .     SustAt   .     c - +0 shield
rPois  ∞         Gourm    .     h - +1 helmet
rElec  +         Spirit   .     (no cloak)
rCorr  .         Warding  .     (no gloves)
rMut   .         NoTele   +     (no boots)
MR     .....                    (no amulet)
Stlth  +.........               (no ring)
                                (no ring)

@: not resistant to hostile enchantments, very unstealthy
A: negative energy resistance 1, electricity resistance, unbreathing,
petrification resistance, rot immunity, AC +7
a: no special abilities


You were in the Dungeon.
You were not hungry.

You visited 1 branch You collected 1053 gold pieces.
You spent 934 gold pieces at shops.

Inventory:

Hand weapons
 a - a +0 flail
 d - the +1 falchion of Heibrai (weapon) {flame, rElec rF+ Str+2 Int-3}
   (You bought it in a shop in the Dungeon)

   It has been specially enchanted to burn those struck by it, causing extra
   injury to most foes and up to half again as much damage against particularly
   susceptible opponents.
   Big, fiery blades are also staple armaments of hydra-hunters.
   It affects your strength (+2).
   It affects your intelligence (-3).
   It protects you from fire.
   It insulates you from electricity.
 g - a +0 arbalest of flaming
 o - a +0 shortbow
 p - a +0 trident
Missiles
 l - 9 bolts
 q - 16 arrows
Armour
 b - a +0 scale mail (worn)
 c - a +0 shield (worn)
 h - a +1 helmet (worn)
Potions
 f - a potion of cure mutation
 i - 2 potions of magic
Books
 e - a book of Battle

   Spells                             Type                      Level
   a - Infusion                       Charms                       1
   b - Shroud of Golubria             Charms/Translocation         2
   c - Song of Slaying                Charms                       2
   d - Spectral Weapon                Hexes/Charms                 3
   e - Regeneration                   Charms/Necromancy            3


   Skills:
 + Level 13.6 Fighting
 + Level 7.1 Long Blades
 + Level 7.9 Maces & Flails
 + Level 11.3 Armour
 + Level 8.0 Dodging
 + Level 2.3 Stealth
 + Level 14.9 Shields
 + Level 0.8 Unarmed Combat


You had 8 spell levels left.
You knew the following spells:

 Your Spells              Type           Power        Failure   Level  Hunger
a - Infusion              Chrm           #.....       87%         1    ##.....


Dungeon Overview and Level Annotations

Branches:
Dungeon (1/1)

Altars:

Shops:
D ([:}=:(*[!!%=%(?

Annotations:
D exclusion: oklob plant


Innate Abilities, Weirdness & Mutations

You are resistant to torment.
Your stone body is resilient (AC +7).
You are immune to poison.
You resist negative energy.
You are resistant to electric shocks.
You can survive without breathing.
You are immune to petrification.
You are immune to rotting.


Message History

The kraken barely misses you.
You hit the kraken but do no damage. You block the tentacle's attack.
The kraken bites you! The tentacle slaps you.
You hit the kraken but do no damage.
The kraken bites you but does no damage.
The tentacle slaps you but does no damage.
The kraken bites you!!
You hit the kraken but do no damage.
The tentacle slaps you but does no damage.
The tentacle slaps you!
The kraken bites you but does no damage.
You hit the kraken but do no damage. The tentacle slaps you.
* * * LOW HITPOINT WARNING * * *
The kraken barely misses you. You block the tentacle's attack.
The tentacle barely misses you.
The orange crystal statue is engulfed in mutagenic fog.
You block the tentacle's attack.
The orange crystal statue is engulfed in mutagenic fog.
The tentacle slaps you!!
You die...

####+#### ##≈§§§§≈§##
###§≈§§§§§§§## '≈≈≈§§8§§§§§# .
##≈≈≈§§§§§§ ...≈##≈§§§§§
##########≈≈#+++#+++##
#########≈≈≈w.*w.....#
.......∩#≈≈≈wX##@##..#
∩.....∩.#≈≈≈w##...## # ##
.∩...∩.∩#≈≈≈≈#..#.)# .#
∩.∩.∩.∩.#≈≈####.).#### .##
.∩.∩.∩..#≈##.###'###.##..#
..∩.∩...#≈#.#.##.###..#..#
...⌠....'≈'###'.<.'.##+..#
........#≈#.#.##.###..#....#
▓▓▓▓▓▓###≈##.###'###.##.ww...≈


You could see an orange crystal statue and 2 tentacles.

Vanquished Creatures
  Kirke (D)
  A yaktaur captain (D)
  A centaur warrior (D)
  A skeletal warrior (D)
  2 unseen horrors (D)
  A siren (D)
  An elephant (D)
  A kobold demonologist (D)
  2 hippogriffs (D)
  4 necrophages (D)
  A scorpion (D)
  4 worker ants (D)
20 creatures vanquished.

Vanquished Creatures (others)
  32 tentacles (D)
  283 tentacle segments (D)
315 creatures vanquished.

Grand Total: 335 creatures vanquished

Notes
Turn   | Place    | Note
--------------------------------------------------------------
     0 | D        | Jb9000 the Gargoyle Fighter began the quest for the Orb.
     0 | D        | Reached XP level 1. HP: 14/14 MP: 1/1
     1 | D        | Noticed a worker ant
     1 | D        | Noticed a worker ant
     6 | D        | Killed a worker ant
     6 | D        | Reached skill level 5 in Fighting
     6 | D        | Reached XP level 2. HP: 18/21 MP: 2/2
     6 | D        | Reached XP level 3. HP: 22/26 MP: 3/3
     9 | D        | Killed a worker ant
     9 | D        | Reached skill level 5 in Armour
     9 | D        | Reached skill level 5 in Shields
    13 | D        | Noticed a worker ant
    13 | D        | Noticed a worker ant
    17 | D        | Killed a worker ant
    17 | D        | Reached XP level 4. HP: 27/32 MP: 4/4
    22 | D        | Killed a worker ant
    22 | D        | Reached skill level 6 in Fighting
    31 | D        | Noticed a kraken
    87 | D        | Noticed a necrophage
    87 | D        | Noticed a necrophage
    87 | D        | Noticed a necrophage
    87 | D        | Noticed a necrophage
    92 | D        | Killed a necrophage
    92 | D        | Reached skill level 7 in Fighting
    92 | D        | Reached XP level 5. HP: 35/38 MP: 5/5
    98 | D        | Killed a necrophage
    98 | D        | Reached skill level 8 in Shields
    98 | D        | Reached XP level 6. HP: 37/44 MP: 6/6
   109 | D        | Killed a necrophage
   109 | D        | Reached skill level 5 in Maces & Flails
   117 | D        | Killed a necrophage
   117 | D        | Reached skill level 9 in Armour
   240 | D        | Noticed a lava snake
   240 | D        | Noticed a lava snake
   242 | D        | Noticed a lava snake
   249 | D        | Found Binisius's Food Emporium.
   250 | D        | Found Uskaryiph's Distillery.
   250 | D        | Found Boegug's Antique Armour Shoppe.
   251 | D        | Found Nemic's General Store.
   251 | D        | Found Makk's Food Emporium.
   252 | D        | Found Ipsuk's Antique Weapon Shoppe.
   252 | D        | Found Ryskix's Book Emporium.
   252 | D        | Found Gemuzuub's Magic Scroll Emporium.
   252 | D        | Found Gasilim's Distillery.
   253 | D        | Found Asalyfau's Jewellery Shoppe.
   254 | D        | Found Odeejeb's Antique Weapon Shoppe.
   256 | D        | Found Muryo's Jewellery Emporium.
   256 | D        | Found Ixtar's Gadget Shoppe.
   256 | D        | Noticed a kraken
   256 | D        | Noticed a death yak
   256 | D        | Noticed an oklob plant
   257 | D        | Found Ticvi's Antique Armour Shoppe.
   257 | D        | Found Wauptiec's Book Shoppe.
   257 | D        | Found Veul's Antique Weapon Emporium.
   258 | D        | Noticed a yak
   260 | D        | Noticed a yak
   260 | D        | Noticed a yak
   274 | D        | Noticed a black bear
   275 | D        | Noticed a black bear
   386 | D        | Noticed a black bear
   409 | D        | Bought a faintly glowing falchion for 192 gold pieces
   410 | D        | Identified the cursed +1 falchion of Heibrai {flame, rElec rF+ Str+2 Int-3} (You bought it in a shop in the Dungeon)
   414 | D        | Bought a glowing helmet for 117 gold pieces
   424 | D        | Bought a potion of might for 56 gold pieces
   424 | D        | Bought a potion of heal wounds for 70 gold pieces
   428 | D        | Bought a scroll of remove curse for 33 gold pieces
   434 | D        | Noticed a hippogriff
   435 | D        | Noticed a hippogriff
   440 | D        | Killed a hippogriff
   440 | D        | Reached skill level 1 in Dodging
   440 | D        | Reached XP level 7. HP: 26/51 MP: 7/7
   445 | D        | Killed a hippogriff
   445 | D        | Reached skill level 1 in Long Blades
   445 | D        | Reached skill level 10 in Shields
   652 | D        | Noticed a siren
   669 | D        | Killed a siren
   669 | D        | Reached skill level 10 in Fighting
   669 | D        | Reached skill level 10 in Armour
   669 | D        | Reached XP level 8. HP: 56/58 MP: 8/8
   678 | D        | Noticed an orange crystal statue
   683 | D        | Noticed Kirke
   683 | D        | Noticed a kobold demonologist
   683 | D        | Noticed a skeletal warrior
   684 | D        | Noticed a centaur warrior
   684 | D        | Noticed a yaktaur captain
   714 | D        | Killed a skeletal warrior
   714 | D        | Reached skill level 11 in Fighting
   714 | D        | Reached skill level 1 in Stealth
   720 | D        | Killed a centaur warrior
   720 | D        | Reached skill level 12 in Shields
   720 | D        | Reached XP level 9. HP: 54/65 MP: 9/9
   726 | D        | Noticed a sun demon
   729 | D        | Killed a yaktaur captain
   729 | D        | Reached skill level 5 in Long Blades
   729 | D        | Reached skill level 5 in Dodging
   729 | D        | Reached skill level 13 in Shields
   743 | D        | Killed a kobold demonologist
   743 | D        | Reached XP level 10. HP: 29/72 MP: 10/10
   749 | D        | Killed an unseen horror
   782 | D        | Noticed an elephant
   812 | D        | Killed an elephant
  1086 | D        | Bought 2 potions of curing for 60 gold pieces
  1086 | D        | Bought a potion of cure mutation for 350 gold pieces
  1109 | D        | Bought a potion of might for 56 gold pieces
  1116 | D        | Killed Kirke
  1116 | D        | Reached skill level 14 in Shields
  1137 | D        | Killed an unseen horror
  1206 | D        | Noticed a scorpion
  1234 | D        | Killed a scorpion
  1244 | D        | Learned a level 1 spell: Infusion
  1567 | D        | Slain by a tentacle

Vault maps used:
D:        the_violet_keep_of_menkaure

Action                   |  1- 3 |  4- 6 |  7- 9 | 10-12 || total
-------------------------+-------+-------+-------+-------++-------
Melee: Flail             |    10 |    35 |       |       ||    45
       Falchion          |       |     5 |    65 |    80 ||   150
       Unarmed           |       |       |       |     7 ||     7
  Use: Potion            |     1 |     1 |     3 |     5 ||    10
       Scroll            |       |       |       |     2 ||     2
  Eat: Bread ration      |       |       |       |     1 ||     1
       Chunk             |       |       |       |     1 ||     1
